 Dungeon Crawl Stone Soup version 0.21-a0-125-gb006224 (webtiles) character file.

820654 4thArraOfDagon the Phalangite (level 27, -42/339 HPs)
             Began as a Naga Gladiator on July 12, 2017.
             Was a High Priest of Ashenzari.
             Killed from afar by an Ice Fiend (86 damage)
             ... with a bolt of cold
             ... on level 8 of a ziggurat on July 14, 2017.
             The game lasted 04:54:44 (45495 turns).

4thArraOfDagon the Phalangite (Naga Gladiator)     Turns: 45495, Time: 04:54:44

Health: -42/339    AC: 36    Str: 16    XL:     27
Magic:  37/42      EV: 26    Int: 29    God:    Ashenzari [*****.]
Gold:   1808       SH:  0    Dex: 19    Spells: 20/56 levels left

rFire    + . .     SeeInvis +   A - +6 trishula (holy)
rCold    . . .     Gourm    .   (no shield)
rNeg     + + .     Faith    .   (armour currently unavailable)
rPois    ∞         Spirit   .   g - +2 helmet of Wariness {Int+2} (curse)
rElec    +         Reflect  .   F - scarf "Lippos" {rPois rCorr} (curse)
rCorr    +         Harm     +   (gloves currently unavailable)
MR       +++..     Clarity  +   (no barding)
Stlth    +++++.....             U - amulet of the Duchess {Harm *Drain rF+} (curse)
HPRegen  0.66/turn              V - ring of Finality {*Contam rPois rN+ Int+8 Dex+3} (curse)
MPRegen  0.28/turn              f - ring of Tisas {Slay+6 SInv Stlth-} (curse)

@: statue-form, very slightly contaminated, very slow
A: thin skeletal structure 1, see invisible, clumsy 1, deformed body, mutation
resistance 1, poison resistance, slow metabolism 1, spit poison 1, wild magic 1,
constrict 1, AC +9
}: 7/15 runes: decaying, slimy, silver, golden, abyssal, demonic, gossamer
a: Spit Poison, End Transformation, Curse Item, Scrying, Transfer Knowledge,
Renounce Religion


You were on level 8 of a ziggurat.
You worshipped Ashenzari.
Ashenzari was extremely pleased with you.
You were not hungry.
You were a stone statue.
You visited 11 branches of the dungeon, and saw 55 of its levels.
You visited Pandemonium 1 time, and saw 5 of its levels.
You visited the Abyss 2 times.
You visited 1 bazaar.
You visited 2 ziggurats, and saw 21 of their levels (deepest: 13).
You also visited: Ossuary, Bailey, Ice Cave and Desolation.

You collected 7888 gold pieces.
You spent 6080 gold pieces at shops.

Inventory:

Hand Weapons
 A - a +6 trishula of holy wrath (weapon)
 O - the +8 longbow "Zephyr" {speed, Dex+3 SInv}
   (You found it on level 13 of a ziggurat)

   Attacks with this weapon are significantly faster.
   It affects your dexterity (+3).
   It lets you see invisible.
Missiles
 z - 1154 arrows
 T - 2 throwing nets (quivered)
Armour
 g - the cursed +2 helmet of Wariness (worn) {Int+2}
   (You found it on level 3 of the Tomb of the Ancients)

   It affects your intelligence (+2).
   It has a curse placed upon it.
 k - the cursed +2 pair of gloves "Rit Gane" (melded) {Int+5}
   (You found it on level 3 of the Elven Halls)

   It affects your intelligence (+5).
   It has a curse placed upon it.
 F - the cursed scarf "Lippos" (worn) {rPois rCorr}
   (You found it on level 3 of the Elven Halls)

   It protects you from poison.
   It protects you from acid and corrosion.
   It has a curse placed upon it.
 N - the cursed +1 leather armour of the Special Deaths (melded) {rF+ Regen+}
   (You found it on level 4 of the Vaults)

   It protects you from fire.
   It increases your rate of regeneration.
   It has a curse placed upon it.
 S - a +1 large shield of fire resistance
Jewellery
 f - the cursed ring of Tisas (right hand) {Slay+6 SInv Stlth-}
   (You found it on level 3 of the Tomb of the Ancients)

   [ring of loudness]

   It affects your accuracy and damage with ranged weapons and melee attacks
   (+6).
   It lets you see invisible.
   It makes you less stealthy.
   It has a curse placed upon it.
 L - an uncursed ring of positive energy
 U - the cursed amulet of the Duchess (around neck) {Harm *Drain rF+}
   (You found it in the Desolation of Salt)

   [amulet of harm]

   It increases damage dealt and taken.
   It protects you from fire.
   It causes draining when unequipped.
   It has a curse placed upon it.
 V - the cursed ring of Finality (left hand) {*Contam rPois rN+ Int+8 Dex+3}
   (You found it in the Desolation of Salt)

   [ring of poison resistance]

   It affects your intelligence (+8).
   It affects your dexterity (+3).
   It protects you from poison.
   It protects you from negative energy.
   It causes magical contamination when unequipped.
   It has a curse placed upon it.
 W - the cursed ring of Midnight {rElec rF+ Dex-3 Stlth+}
   (You found it on level 3 of the Crypt)

   [ring of dexterity]

   It affects your dexterity (-3).
   It protects you from fire.
   It insulates you from electricity.
   It makes you more stealthy.
   It has a curse placed upon it.
Wands
 b - a wand of digging (14/24)
 o - a wand of iceblast (3/15)
 y - a wand of clouds (4/9)
 E - a wand of scattershot (4/9)
 Y - a wand of acid (5/15)
Scrolls
 d - 30 scrolls of remove curse
 j - 5 scrolls of fog
 l - a scroll of summoning
 m - a scroll of blinking
 p - 4 scrolls of fear
 B - 12 scrolls of recharging
 G - 14 scrolls of magic mapping
 H - 15 scrolls of teleportation
 J - 5 scrolls of holy word
 P - 18 scrolls of identify
 X - 4 scrolls of silence
 Z - 12 scrolls of enchant armour
Potions
 c - 5 potions of haste
 e - 5 potions of agility
 h - 9 potions of flight
 q - 7 potions of might
 r - 24 potions of curing
 s - 7 potions of cancellation
 t - 10 potions of heal wounds
 u - 3 potions of resistance
 v - 5 potions of magic
 w - 7 potions of invisibility
 x - 21 potions of mutation
 D - 3 potions of brilliance
 I - 3 potions of ambrosia
Miscellaneous
 a - a lightning rod (4/4)
 n - a phial of floods
 C - a fan of gales
 K - 3 phantom mirrors
 Q - 4 boxes of beasts
 R - 4 sacks of spiders
Comestibles
 i - 35 meat rations
 M - 3 bread rations


   Skills:
 - Level 18.2 Fighting
 - Level 25.3 Polearms
 * Level 22.2 Bows
 - Level 1.7 Throwing
 - Level 13.7 Armour
 - Level 17.9(20.0) Dodging
 + Level 11.4(13.8) Stealth
 - Level 4.9 Shields
 - Level 15.2 Spellcasting
 - Level 1.8(4.6) Charms
 - Level 1.2(3.6) Necromancy
 - Level 4.5(8.4) Translocations
 - Level 10.4(14.2) Transmutations
 - Level 20.0(23.0) Earth Magic
 - Level 6.0(10.0) Evocations


You had 20 spell levels left.
You knew the following spells:

 Your Spells              Type           Power        Failure   Level  Hunger
a - Apportation           Tloc           ######       1%          1    None
b - Statue Form           Tmut/Erth      ########.    1%          6    ###....
c - Passage of Golubria   Tloc           N/A          1%          4    None
d - Silence               Hex/Air        ####......   52%         5    None
e - Iron Shot             Conj/Erth      #######...   4%          6    ###....
f - Shatter               Erth           ########..   21%         9    #######
g - Regeneration          Chrm/Necr      ######....   2%          3    None
h - Blink                 Tloc           N/A          1%          2    None


Dungeon Overview and Level Annotations

Branches:
Dungeon (15/15)            Temple (0/1) D:7            Lair (6/6) D:11
  Swamp (4/4) Lair:2       Spider (4/4) Lair:2        Slime (5/5) Lair:5
    Orc (2/2) D:12            Elf (3/3) Orc:2        Vaults (5/5) D:14
  Crypt (3/3) Vaults:2       Tomb (3/3) Crypt:3      Depths (5/5) D:15
    Zot (0/5) Depths:5

Altars:
Ashenzari
Dithmenos
Elyvilon
Hepliaklqana
Kikubaaqudgha
Nemelex Xobeh
Qazlal
Vehumet
Xom
Yredelemnul
Beogh
Jiyva

Shops:
D:7 %   D:11 *   Orc:1 }   Orc:2 (*:[   Elf:2 [   Vaults:1 =   Vaults:4 (
Depths:2 [

Portals:
Hell: Depths:2 Depths:3 Depths:4 Depths:5
Abyss: Depths:2 Depths:3 Depths:4
Pandemonium: Depths:2

Annotations:
D:6 sergedm's ghost, novice DECj
D:9 Gastronok; Joseph
Lair:5 exclusion: 4 oklob plants
Elf:2 3 runed doors


Innate Abilities, Weirdness & Mutations

You cannot wear boots.
((Your serpentine skin is tough. (AC +9)))
You have supernaturally acute eyesight. (SInv)
Armour fits poorly on your strangely shaped body.
Your system is resistant to poisons. (rPois)
((You cover ground very slowly.))
You have a slow metabolism.
You can spit poison.
You can use your snake-like lower body to constrict enemies.
((You are partially covered in iridescent scales. (AC +2)))
You have a somewhat thin skeletal structure. (Dex +2, Stealth)
You are clumsy. (Dex -2)
You are somewhat resistant to further mutation.
Your spells are a little harder to cast, but a little more powerful.


Message History

Autopickup is now on.
Autopickup is now off.
There is a gate leading back out of this place here.
You see here a scroll of enchant weapon.
Unknown command.
As you read the scroll of enchant weapon, it crumbles to dust.
Your +5 trishula of holy wrath glows red for a moment.
Your skin stops crawling.
The Ice Fiend calls on the powers of darkness!
Your body is wracked with pain!
* * * LOW HITPOINT WARNING * * *
Unknown command.
Unknown command.
There is a stone staircase leading down here.
You see here an uncursed staff of air.
Unknown command.
Unknown command.
The Ice Fiend gestures at you. The bolt of cold hits you!
You die...

▓▓▓▓▓▓▓▓▓▓▓
▓.2.Z.....▓
▓▓▓▓▓.Z.......▓▓▓▓
▓.....1...........
▓.....8....Z8.....
▓?^........Z2.....
▓∩$).......1.42...
▓8:[.........2...∩
▓∩)|..............
▓...............2.
▓.....8.....8..2.§
▓.................
▓▓▓▓▓.........▓▓▓▓
.........* *
▓▓▓▓▓▓▓▓*


You could see an Ice Fiend, a tormentor, a fire giant zombie and a frost giant
zombie.

Vanquished Creatures
  5 pandemonium lords
  Mennas (Crypt:2)
  Mara (Vaults:4)
  A juggernaut (Depths:2)
  Sojobo (Vaults:4)
  5 ancient liches
  20 greater mummies
  A shard shrike (Zig:8)
  Boris (Vaults:2)
  Bai Suzhen (Vaults:4)
  5 caustic shrikes
  Xtahua (Crypt:3)
  The ghost of Charly the Warrior, an adept OgSk of Cheibriados (Vaults:5)
  6 golden dragons
  4 Brimstone Fiends
  Arachne (Spider:3)
  4 bone dragons
  4 tentacled monstrosities
  2 Ice Fiends (Pan)
  2 Hell Sentinels
  5 liches
  7 titans
  Rupert (D:14)
  Jorgrun (Swamp:2)
  4 deep elf blademasters
  3 deep elf master archers
  A titan (shapeshifter) (D:15)
  11 ancient champions
  27 acid blobs
  3 quicksilver dragons
  4 Executioners
  3 tentacled starspawn
  9 sphinxes
  2 thorn hunters
  5 storm dragons
  12 azure jellies
  7 tengu reavers
  2 draconian monks
  5 revenants
  12 shadow dragons
  2 iron dragons
  18 frost giants
  Donald (Spider:1)
  13 fire giants
  5 deep elf sorcerers
  3 nagarajas (Zig:8)
  3 black suns
  18 vault wardens
  A draconian knight (Zig:7)
  An imperial myrmidon (Desolation)
  7 ghost moths
  3 deep elf elementalists
  7 emperor scorpions
  2 orc warlords
  Louise (Elf:3)
  2 warmongers (Pan)
  A draconian shifter (Zig:7)
  3 cacodemons (Pan)
  A spriggan defender (Depths:3)
  16 ironheart preservers
  3 draconian annihilators
  2 angels
  A draconian stormcaller (Zig:7)
  A juggernaut zombie (Depths:2)
  22 very ugly things
  A caustic shrike skeleton (Depths:3)
  A ghoul (Crypt:3)
  A corrupter (Zig:7)
  4 reapers
  4 blood saints (Pan)
  2 war gargoyles (Vaults:5)
  4 bennus
  18 vampire knights
  20 stone giants
  5 black draconians
  13 entropy weavers
  11 deep elf demonologists
  A green draconian (Depths:5)
  A lorocyproca (Pan)
  2 white draconians
  3 halazid warlocks (Desolation)
  A red draconian (Zig:4)
  2 yellow draconians
  A spark wasp (shapeshifter) (Elf:2)
  7 deep elf annihilators (Elf:3)
  11 spark wasps
  4 eidola
  A merfolk javelineer (Depths:5)
  6 death oozes (Slime:5)
  21 mummy priests
  A quicksilver dragon zombie (Depths:5)
  5 merfolk impalers
  4 green deaths
  19 ettins
  11 yaktaur captains
  6 jiangshi
  5 blizzard demons
  6 deep elf death magi
  5 fire dragons
  Josephine (D:14)
  2 deep elf high priests
  A great orb of eyes (shapeshifter) (Vaults:5)
  12 ice dragons
  29 vault guards
  11 great orbs of eyes
  8 ragged hierophants
  15 hydras
  6 ghost crabs
  15 ogre magi
  A hell beast (Pan)
  6 rakshasas
  8 servants of whispers (Desolation)
  2 spriggan air magi (Depths:5)
  A quicksilver dragon skeleton (Tomb:3)
  7 peacekeepers (Desolation)
  4 death knights
  A satyr (Zig:3)
  10 centaur warriors
  51 two-headed ogres
  16 alligators
  6 death yaks
  3 tengu warriors
  93 death scarabs
  10 vampire magi
  3 deep troll shamans
  14 dancing weapons
  2 shock serpents (Zig:8)
  A shock serpent (shapeshifter) (Vaults:5)
  9 spriggan berserkers
  4 deep troll earth magi
  11 thrashing horrors
  18 deep elf knights
  A naga sharpshooter (Zig:8)
  2 orc high priests
  A storm dragon zombie (Depths:5)
  10 soul eaters
  A spectral storm dragon (Depths:5)
  Urug (D:11)
  9 sun demons
  3 wretched stars
  A salamander mystic (Depths:4)
  Nergalle (Orc:2)
  2 iron trolls (Depths:3)
  23 hell knights
  An iron troll (shapeshifter) (Vaults:4)
  A fire crab (shapeshifter) (D:14)
  A titan skeleton (Depths:3)
  2 sixfirhies
  A storm dragon skeleton (Crypt:1)
  15 deep trolls
  36 skeletal warriors
  3 spatial maelstroms (Abyss:3)
  4 glowing orange brains
  3 shadow wraiths
  4 shadow demons
  2 spriggan druids
  3 flayed ghosts
  A death drake (Abyss:3)
  4 swamp dragons
  3 unseen horrors
  A ghost moth zombie (Tomb:3)
  3 torturous demonspawn (Pan)
  A gelid demonspawn (Depths:3)
  2 orange crystal statues
  10 ironbrand convokers
  A lindwurm (shapeshifter) (Vaults:5)
  2 shadow dragon zombies
  Pikel (D:9)
  15 large abominations
  3 spectral hydras (Swamp:4)
  15 deep elf archers
  3 wizards
  6 mana vipers
  6 harpies
  2 shambling mangroves
  12 necromancers
  The ghost of Zorot the Skirmisher, a novice FoFi of Qazlal (D:12)
  A harpy (shapeshifter) (Depths:3)
  7 shining eyes
  55 deep elf magi
  A wolf spider zombie (Crypt:3)
  45 wolf spiders
  27 orb spiders
  An iron dragon zombie (Depths:3)
  5 oklob plants (Zig:7)
  19 orc knights
  3 stone giant zombies
  21 phantasmal warriors
  2 fauns (Zig:3)
  49 ugly things
  A frost giant zombie (Depths:2)
  4 salamanders
  5 cyclopes
  A manticore (D:13)
  2 moths of wrath
  5 orc sorcerers
  3 worldbinders (Abyss:3)
  A stone giant skeleton (Vaults:2)
  A fire giant skeleton (Depths:1)
  A shining eye (shapeshifter) (Vaults:5)
  Maurice (D:8)
  2 iron dragon skeletons
  2 guardian serpents (shapeshifter)
  An apocalypse crab (Abyss:3)
  6 elephants (Lair:5)
  A frost giant skeleton (Crypt:3)
  8 guardian serpents
  11 vault sentinels
  A molten gargoyle (Desolation)
  8 black mambas
  A rust devil (Pan)
  A torpor snail (shapeshifter) (Zig:4)
  10 orange demons
  5 eyes of devastation
  28 spiny frogs
  6 torpor snails
  11 smoke demons
  6 rime drakes
  3 centaur skeletons
  A shock serpent skeleton (Abyss:3)
  A catoblepas zombie (Crypt:3)
  An elf zombie (Depths:5)
  A spriggan skeleton (Zig:8)
  5 komodo dragons
  A redback zombie (D:14)
  3 kobold demonologists
  An efreet (D:12)
  6 swamp worm zombies
  15 freezing wraiths
  4 human zombies
  3 tormentors
  51 yaktaurs
  4 ancient zymes
  2 elf skeletons
  15 demonic crawlers
  49 guardian mummies
  18 polar bears
  A white draconian skeleton (Crypt:1)
  12 tyrant leeches
  43 jumping spiders
  A merfolk (D:9)
  A merfolk (shapeshifter) (Vaults:5)
  A queen bee (shapeshifter) (Abyss:3)
  4 hellwings
  3 meliai (Spider:4)
  3 red devils
  4 trolls
  A tengu conjurer (Depths:1)
  10 bog bodies
  3 hydra zombies (Swamp:4)
  Prince Ribbit (D:8)
  104 slime creatures
  4 alligator zombies (Swamp:4)
  A dream sheep (shapeshifter) (Vaults:4)
  12 raiju
  A frost giant simulacrum (Depths:1)
  54 saltlings
  13 blink frogs (Lair:6)
  21 hornets
  2 ice dragon zombies
  4 dream sheep (Lair:1)
  2 spriggan zombies (Depths:2)
  2 deep troll zombies (Depths:1)
  2 fire dragon zombies (Tomb:3)
  An iron dragon simulacrum (Depths:3)
  3 spectral swamp dragons (Swamp:4)
  15 hippogriffs
  2 redbacks (shapeshifter)
  A guardian serpent skeleton (Crypt:3)
  An ettin zombie (Depths:3)
  14 water elementals
  6 spriggans
  8 ynoxinuls
  A dire elephant simulacrum (Crypt:3)
  4 ettin skeletons
  3 shadows
  A tarantella (shapeshifter) (D:14)
  32 tarantellas
  18 flying skulls
  80 redbacks
  A spriggan (shapeshifter) (Vaults:1)
  7 wyverns
  7 vampires
  8 air elementals
  A fire dragon skeleton (Abyss:3)
  12 wraiths
  2 fire elementals (Elf:1)
  6 basilisks
  8 ushabtiu
  37 yaks
  A black mamba skeleton (Crypt:2)
  A human (shapeshifter) (Vaults:4)
  5 golden eyes
  A basilisk (shapeshifter) (Elf:2)
  4 hungry ghosts
  5 chaos spawn
  7 neqoxecs
  A wind drake skeleton (Crypt:3)
  30 vampire mosquitoes
  2 spatial vortices (Abyss:3)
  A monstrous demonspawn zombie (Crypt:2)
  14 insubstantial wisps
  Menkaure (Ossuary)
  A naga (Zig:8)
  23 swamp worms
  5 wargs
  A soldier ant (D:15)
  11 small abominations
  2 acid dragons
  3 water moccasins
  A floating eye (Depths:2)
  4 sky beasts
  8 porcupines
  A spiny frog skeleton (Crypt:3)
  10 swamp drakes
  2 slaves (D:9)
  A hornet zombie (D:11)
  An ettin simulacrum (Crypt:3)
  3 ice beasts
  4 swamp dragon zombies (Swamp:4)
  6 black bears
  14 starcursed masses (Abyss:3)
  50 orc warriors
  9 eyes of draining
  3 phantoms
  53 ogres
  A tengu (Bailey)
  A boggart (shapeshifter) (Depths:2)
  23 wolves
  3 boggarts (Vaults:1)
  A snapping turtle skeleton (Tomb:2)
  11 centaurs
  3 big kobolds
  Blork the orc (Orc:2)
  A big kobold (shapeshifter) (Vaults:5)
  11 crocodiles
  A yaktaur zombie (Zig:3)
  A wyvern zombie (D:12)
  A rime drake skeleton (Crypt:3)
  31 bullfrogs
  A human skeleton (Vaults:4)
  An earth elemental (Elf:1)
  5 scorpions
  A hornet simulacrum (D:11)
  3 human simulacra
  A warg skeleton (Crypt:2)
  7 killer bees (D:12)
  2 tengu zombies
  7 wights (D:12)
  A troll skeleton (Crypt:3)
  4 howler monkeys
  2 electric eels
  9 crimson imps
  A wyvern simulacrum (D:11)
  4 centaur zombies
  6 hounds
  3 bullfrog zombies
  2 jellies
  2 quasits
  27 orc priests
  A bullfrog skeleton (D:12)
  3 iron imps
  A porcupine zombie (Crypt:1)
  6 iguanas
  38 orc wizards
  2 spectral swamp drakes (Swamp:4)
  7 worker ants
  A felid zombie (Crypt:3)
  A centaur simulacrum (D:11)
  2 tengu skeletons
  A hound skeleton (D:6)
  59 mummies
  3 worker ant zombies
  A howler monkey zombie (D:7)
  5 gnolls
  11 adders
  A swamp drake skeleton (Crypt:2)
  2 hound simulacra (D:11)
  2 shadow imps
  12 white imps (D:11)
  An ufetubus (D:11)
  An ooze (D:1)
  2 adder zombies
  A lava snake zombie (Crypt:2)
  2 worms
  A barachi skeleton (Crypt:3)
  A dart slug (shapeshifter) (D:15)
  A dart slug (D:1)
  6 leopard geckos
  104 orcs
  3 ball pythons
  10 bats
  3 bat zombies (D:2)
  8 giant cockroaches
  2 gnoll zombies (Ossuary)
  6 goblins
  9 hobgoblins
  7 jackals
  22 kobolds
  6 frilled lizards
  A giant cockroach zombie (D:6)
  2 gnoll skeletons (Ossuary)
  4 goblin skeletons
  4 goblin zombies (Ossuary)
  A hobgoblin skeleton (Ossuary)
  2 hobgoblin zombies (Ossuary)
  A jackal skeleton (D:4)
  2 kobold skeletons (Ossuary)
  4 kobold zombies (Ossuary)
  A leopard gecko zombie (Crypt:3)
  3 orc skeletons (Ossuary)
  3 orc zombies (Ossuary)
  7 rats
  4 rat skeletons (Ossuary)
  2 rat zombies
  A river rat skeleton (Crypt:2)
  A briar patch (Swamp:4)
  A fungus (Spider:3)
  A plant (Pan)
3149 creatures vanquished.

Vanquished Creatures (collateral kills)
  the Royal Jelly (Slime:5)
  An acid blob (Slime:5)
  2 death oozes (Slime:5)
  An ettin skeleton (Zig:8)
5 creatures vanquished.

Vanquished Creatures (others)
  Nikola (Elf:3)
  An ancient champion (Tomb:2)
  A draconian stormcaller (Zig:7)
  A stone giant (Depths:1)
  A bennu (Tomb:2)
  A quicksilver dragon skeleton (Tomb:2)
  A peacekeeper (Desolation)
  9 death scarabs
  A deep elf knight (Zig:13)
  A sixfirhy (Pan)
  A wizard (D:15)
  A slime creature (Swamp:3)
  A frost giant skeleton (Tomb:2)
  A black mamba (Zig:8)
  A saltling (Desolation)
  An ice dragon zombie (Tomb:2)
  5 flying skulls (Tomb:2)
  A vampire (D:11)
  A golden eye (shapeshifter) (Depths:5)
  3 insubstantial wisps (Swamp:4)
  An acid dragon (shapeshifter) (Depths:3)
  A spiny frog zombie (Tomb:2)
  A porcupine (D:11)
  A slave (D:9)
  A wolf (D:11)
  A centaur (D:11)
  A centaur skeleton (D:9)
  An orc wizard (D:14)
  2 mummies (Tomb:2)
  An orc (D:14)
  A gnoll zombie (Ossuary)
  A kobold (D:14)
  A gnoll skeleton (Ossuary)
  2 goblin skeletons (Ossuary)
  3 goblin zombies (Ossuary)
  A hobgoblin skeleton (Ossuary)
  A hobgoblin zombie (Ossuary)
  2 kobold skeletons (Ossuary)
  2 kobold zombies (Ossuary)
  2 orc skeletons (Ossuary)
  2 rat skeletons (Ossuary)
  2 rat zombies (Ossuary)
  6 fungi
  39 plants
  6 starspawn tentacles
116 creatures vanquished.

Grand Total: 3270 creatures vanquished

Notes
Turn   | Place    | Note
-------+----------+-------------------------------------------
     0 | D:1      | 4thArraOfDagon the Naga Gladiator began the quest for the Orb.
     0 | D:1      | Reached XP level 1. HP: 19/19 MP: 1/1
   105 | D:1      | Reached XP level 2. HP: 22/26 MP: 2/2
   324 | D:1      | Reached skill level 1 in Armour
   324 | D:1      | Reached XP level 3. HP: 19/32 MP: 3/3
   591 | D:1      | Reached XP level 4. HP: 39/39 MP: 4/4
   830 | D:3      | Reached XP level 5. HP: 40/45 MP: 5/5
   924 | D:3      | Found a shattered altar of Ashenzari.
   930 | D:3      | Saw a vision of the Swamp and the Spider Nest.
   930 | D:3      | Noticed a redback
   930 | D:3      | Noticed a redback
   930 | D:3      | Noticed an alligator
   930 | D:3      | Noticed a water moccasin
   930 | D:3      | Noticed a swamp drake
   930 | D:3      | Noticed an alligator
   932 | D:3      | Noticed an alligator
   933 | D:3      | Noticed a hornet
   933 | D:3      | Noticed a redback
   933 | D:3      | Noticed an alligator
   934 | D:3      | Became a worshipper of Ashenzari the Shackled
   948 | D:3      | Found a stormy altar of Qazlal.
  1057 | D:4      | Found a sand-covered staircase.
  1061 | Ossuary  | Entered an ossuary
  1065 | Ossuary  | Reached skill level 5 in Maces & Flails
  1308 | Ossuary  | Noticed Menkaure
  1311 | Ossuary  | Gained mutation: You are clumsy. (Dex -2) [potion of mutation]
  1311 | Ossuary  | Gained mutation: Your spells are a little harder to cast, but a little more powerful. [potion of mutation]
  1320 | Ossuary  | Killed Menkaure
  1320 | Ossuary  | Reached XP level 6. HP: 36/52 MP: 6/6
  1477 | D:5      | Entered Level 5 of the Dungeon
  1480 | D:5      | Found a shadowy altar of Dithmenos.
  1701 | D:2      | Found a shimmering altar of Xom.
  1873 | D:2      | Found an ancient bone altar of Kikubaaqudgha.
  2341 | D:5      | Found a shadowy altar of Dithmenos.
  2348 | D:5      | Reached XP level 7. HP: 53/61 MP: 7/7
  2620 | D:6      | Reached * piety under Ashenzari
  3324 | D:6      | Noticed sergedm's ghost (novice DECj)
  3438 | D:5      | Reached XP level 8. HP: 50/69 MP: 8/8
  3907 | D:4      | Reached skill level 1 in Shields
  4383 | D:7      | Reached skill level 1 in Evocations
  4470 | D:7      | Found a white marble altar of Elyvilon.
  4637 | D:7      | Found Oresaut's Food Boutique.
  4663 | D:7      | Found a sparkling altar of Nemelex Xobeh.
  4766 | D:7      | Found a staircase to the Ecumenical Temple.
  5133 | D:8      | Reached XP level 9. HP: 63/78 MP: 11/11
  5197 | D:8      | Noticed Prince Ribbit
  5214 | D:8      | Killed Prince Ribbit
  5423 | D:8      | Found a transporter.
  5469 | D:8      | Gained mutation: You are partially covered in iridescent scales. (AC +2) [mutagenic meat]
  5470 | D:8      | Gained mutation: You expend magic power (3 MP) to strengthen your wands. [mutagenic meat]
  5471 | D:8      | Gained mutation: You have a somewhat thin skeletal structure. (Dex +2, Stealth) [mutagenic meat]
  5473 | D:8      | Lost mutation: You are clumsy. (Dex -2) [mutagenic meat]
  5546 | D:8      | Got the uncursed ring mail "Iqyanu" {rF+ rN+ Regen+ Int-3}
  5557 | D:8      | Identified the +4 ring mail "Iqyanu" {rF+ rN+ Regen+ Int-3} (You took it off a kobold on level 8 of the Dungeon)
  5567 | D:8      | Found a radiant altar of Vehumet.
  5718 | D:8      | Noticed Maurice
  5853 | D:8      | Killed Maurice
  5853 | D:8      | Reached skill level 5 in Fighting
  6050 | D:8      | Found a roughly hewn altar of Beogh.
  6051 | D:8      | Noticed a troll
  6060 | D:8      | Killed a troll
  6091 | D:8      | Reached XP level 10. HP: 67/88 MP: 2/12
  6163 | D:8      | Got the shortbow "Lygozxal" {velocity, Dex+5}
  6165 | D:8      | Got the arbalest "Mamp" {speed, MR+ Str+3}
  6186 | D:8      | Found a transporter.
  6213 | D:8      | Identified the +6 arbalest "Mamp" {speed, MR+ Str+3} (You found it on level 8 of the Dungeon)
  6214 | D:8      | Identified the +10 shortbow "Lygozxal" {velocity, Dex+5} (You found it on level 8 of the Dungeon)
  6804 | D:4      | Reached skill level 10 in Maces & Flails
  6879 | D:7      | Reached skill level 1 in Bows
  6919 | D:9      | Noticed a two-headed ogre
  6928 | D:9      | Found a flagged portal.
  7016 | Bailey   | Entered a bailey
  7482 | Bailey   | Noticed an orc knight
  7581 | Bailey   | Found a roughly hewn altar of Beogh.
  7641 | D:9      | Reached skill level 5 in Evocations
  7671 | D:9      | Noticed Gastronok
  7682 | D:10     | Entered Level 10 of the Dungeon
  7843 | D:11     | Found a frozen archway.
  7889 | IceCv    | Entered an ice cave
  7943 | IceCv    | Reached skill level 5 in Armour
  8032 | IceCv    | Reached XP level 11. HP: 63/100 MP: 1/14
  8381 | IceCv    | Reached skill level 5 in Bows
  8614 | IceCv    | Reached skill level 10 in Fighting
  8827 | IceCv    | Noticed a frost giant
  8827 | IceCv    | Noticed a death yak
  9015 | IceCv    | Identified a scroll of acquirement
  9477 | D:10     | Noticed a two-headed ogre
  9483 | D:10     | Killed a two-headed ogre
  9483 | D:10     | Reached XP level 12. HP: 116/116 MP: 12/16
  9654 | D:11     | Noticed a death yak
  9674 | D:11     | Killed a death yak
  9696 | D:11     | Noticed Urug
  9719 | D:11     | Killed Urug
  9733 | D:11     | Found Fenal's General Store.
  9733 | D:11     | Reached ** piety under Ashenzari
  9737 | D:11     | Bought a scroll of magic mapping for 42 gold pieces
  9807 | D:11     | Found a staircase to the Lair.
 10186 | D:9      | Noticed Joseph
 10215 | D:9      | Noticed Pikel
 10229 | D:9      | Killed Pikel
 10271 | D:9      | Killed a two-headed ogre
 10549 | D:11     | Reached *** piety under Ashenzari
 10862 | D:12     | Gained mutation: You are somewhat resistant to further mutation. [mutagenic meat]
 10899 | D:12     | Noticed Zorot's ghost (novice FoFi)
 10915 | D:12     | Killed Zorot's ghost
 10926 | D:12     | Noticed a two-headed ogre
 10946 | D:12     | Killed a two-headed ogre
 10971 | D:12     | Noticed an ettin
 11156 | D:12     | Killed an ettin
 11156 | D:12     | Reached skill level 10 in Armour
 11173 | D:12     | Found a staircase to the Orcish Mines.
 11209 | D:11     | Noticed a two-headed ogre
 11217 | D:11     | Killed a two-headed ogre
 11217 | D:11     | Gained mutation: You can use your snake-like lower body to constrict enemies. [Naga growth]
 11217 | D:11     | Reached XP level 13. HP: 128/129 MP: 17/17
 11299 | Orc:1    | Entered Level 1 of the Orcish Mines
 11445 | Orc:2    | Entered Level 2 of the Orcish Mines
 11544 | Orc:2    | Noticed an ogre mage
 11551 | Orc:2    | Killed an ogre mage
 11609 | Orc:2    | Found a staircase to the Elven Halls.
 11771 | Orc:1    | Found Tiraluu's Gadget Shoppe.
 11778 | Orc:1    | Noticed an orc warlord
 11790 | Orc:2    | Paralysed by an orc sorcerer for 3 turns
 12086 | Orc:2    | Noticed Saint Roka
 12140 | Orc:2    | Killed an orc warlord
 12187 | Orc:2    | Found Guyjinn's Book Shoppe.
 12187 | Orc:2    | Noticed Nergalle
 12187 | Orc:2    | Noticed Blork the orc
 12417 | Orc:2    | Killed Blork the orc
 12694 | Orc:2    | Killed Nergalle
 12748 | Orc:1    | Bought a wand of digging (14/24) for 504 gold pieces
 13007 | Orc:2    | Noticed Saint Roka
 13007 | Orc:2    | Saint Roka changed into Saint Roka the iron dragon
 13320 | Orc:2    | Found a roughly hewn altar of Beogh.
 13552 | Orc:1    | Bought a phantom mirror for 420 gold pieces
 13624 | Orc:2    | Killed Saint Roka the iron dragon
 13678 | Orc:2    | Found Oreaqin's Antique Armour Shoppe.
 13705 | Orc:2    | Found Wisulev's General Store.
 13736 | Orc:2    | Found Affeg's Antique Weapon Shoppe.
 13799 | Orc:2    | Bought a scroll of magic mapping for 59 gold pieces
 13799 | Orc:2    | Bought a potion of heal wounds for 85 gold pieces
 13799 | Orc:2    | Bought 2 potions of haste for 340 gold pieces
 13799 | Orc:2    | Bought a scroll of blinking for 127 gold pieces
 13916 | Lair:1   | Entered Level 1 of the Lair of Beasts
 14006 | Lair:1   | Reached XP level 14. HP: 119/142 MP: 18/18
 14269 | Lair:2   | Found a hole to the Spider Nest.
 14398 | Lair:2   | Reached **** piety under Ashenzari
 15281 | Lair:4   | Reached skill level 15 in Maces & Flails
 15343 | Lair:5   | Reached ***** piety under Ashenzari
 15388 | Lair:5   | Upgraded the game from 0.21-a0-113-g6841d05 to 0.21-a0-122-g43b3ea6
 15417 | Lair:5   | Found a staircase to the Slime Pits.
 15722 | Lair:6   | Entered Level 6 of the Lair of Beasts
 15873 | Lair:6   | Reached skill level 15 in Fighting
 16046 | Lair:6   | Reached XP level 15. HP: 127/154 MP: 19/19
 16409 | Lair:6   | Identified the +5 glaive of Atuimpef {elec, rElec Stlth+}
 16422 | Lair:6   | Identified the +3 hand crossbow of Putrescence {freeze, rF+ MP+9}
 16447 | Lair:6   | Learned a level 1 spell: Apportation
 17072 | Elf:1    | Entered Level 1 of the Elven Halls
 17321 | Elf:1    | Cast into level 2 of the Abyss (hand axe of distortion)
 17340 | Abyss:2  | Noticed a tentacled starspawn
 17367 | Abyss:2  | Killed a tentacled starspawn
 17420 | Elf:1    | Escaped the Abyss
 17500 | Elf:1    | Reached skill level 5 in Dodging
 17806 | Elf:1    | Reached XP level 16. HP: 129/163 MP: 15/20
 18080 | Elf:2    | Found Nudwog's Armour Shoppe.
 18446 | Elf:2    | Found a runed gate.
 18446 | Elf:2    | Found a runed gate.
 18446 | Elf:2    | Found a runed gate.
 18480 | Elf:3    | Entered Level 3 of the Elven Halls
 18480 | Elf:3    | Identified the +4 ring mail of the Harvest {rElec Str+4 Dex+5}
 18584 | Elf:3    | Noticed Nikola
 18812 | Elf:3    | Noticed Louise
 18825 | Elf:3    | Killed Louise
 18858 | Elf:3    | Reached ****** piety under Ashenzari
 18991 | Elf:3    | Noticed a deep elf blademaster
 19008 | Elf:3    | Killed a deep elf blademaster
 19135 | Elf:3    | Killed Nikola
 19143 | Elf:3    | Noticed a deep elf blademaster
 19154 | Elf:3    | Killed a deep elf blademaster
 19240 | Elf:3    | Reached XP level 17. HP: 170/170 MP: 21/21
 19250 | Elf:3    | Noticed a deep elf master archer
 19268 | Elf:3    | Killed a deep elf master archer
 19307 | Elf:3    | Noticed a deep elf master archer
 19327 | Elf:3    | Killed a deep elf master archer
 19327 | Elf:3    | Identified the ring of Paesoj {rElec Str+3} (You took it off a deep elf mage on level 3 of the Elven Halls)
 19439 | Elf:3    | Identified the +6 quarterstaff "Ukela" {freeze, +Inv Dex+3} (You took it off a deep elf annihilator on level 3 of the Elven Halls)
 19764 | Elf:3    | Reached skill level 10 in Bows
 19783 | Elf:3    | Got the uncursed scarf "Lippos" {rPois rCorr}
 19794 | Elf:3    | Identified the scarf "Lippos" {rPois rCorr} (You found it on level 3 of the Elven Halls)
 19801 | Elf:3    | Identified the +12 hunting sling of Kecrig {venom, rElec Str+3}
 19810 | Elf:3    | Identified the +2 pair of gloves "Rit Gane" {Int+5} (You found it on level 3 of the Elven Halls)
 20584 | D:14     | Learned a level 6 spell: Statue Form
 20592 | D:14     | Noticed Rupert
 20603 | D:14     | Killed Rupert
 20603 | D:14     | Reached skill level 1 in Transmutations
 20603 | D:14     | Reached skill level 1 in Earth Magic
 20688 | D:14     | Noticed Josephine
 20702 | D:14     | Killed Josephine
 20702 | D:14     | Reached skill level 1 in Spellcasting
 20842 | D:14     | Found a gate to the Vaults.
 21029 | D:15     | Entered Level 15 of the Dungeon
 21718 | Lair:2   | Reached XP level 18. HP: 178/178 MP: 19/22
 21726 | Spider:1 | Entered Level 1 of the Spider Nest
 21827 | Spider:1 | Noticed Donald
 21857 | Spider:1 | Killed Donald
 21861 | Spider:1 | Identified the +5 shield of Zin's Castigation {rF- Int+4 Stlth+} (You took it off Donald on level 1 of the Spider Nest)
 21907 | Spider:1 | Reached skill level 5 in Earth Magic
 21997 | Spider:1 | Reached skill level 5 in Transmutations
 23445 | Spider:4 | Entered Level 4 of the Spider Nest
 23783 | Spider:4 | Reached XP level 19. HP: 182/186 MP: 16/26
 23974 | Spider:4 | Reached skill level 5 in Spellcasting
 24266 | Spider:4 | Got a gossamer rune of Zot
 24366 | Spider:3 | Noticed Arachne
 24382 | Spider:3 | Killed Arachne
 24841 | Lair:2   | Found a staircase to the Swamp.
 24858 | Swamp:1  | Entered Level 1 of the Swamp
 25200 | Swamp:2  | Identified the +6 spear "Getoon" {drain, rF+ MR+ Int+2}
 25237 | Swamp:2  | Reached skill level 10 in Earth Magic
 25467 | Swamp:2  | Noticed Jorgrun
 25480 | Swamp:2  | Killed Jorgrun
 25657 | Swamp:3  | Reached skill level 10 in Dodging
 25779 | Swamp:3  | Found a hazy altar of Hepliaklqana.
 25881 | Swamp:3  | Reached skill level 10 in Transmutations
 26045 | Swamp:4  | Entered Level 4 of the Swamp
 26362 | Swamp:4  | Reached XP level 20. HP: 87/194 MP: 30/30
 26773 | Swamp:4  | Noticed a bone dragon
 26841 | Swamp:4  | Killed a bone dragon
 26864 | Swamp:4  | Got a decaying rune of Zot
 27225 | Slime:1  | Entered Level 1 of the Pits of Slime
 27529 | Slime:5  | Entered Level 5 of the Pits of Slime
 27972 | Slime:5  | Noticed the Royal Jelly
 27977 | Slime:5  | Gained mutation: You are clumsy. (Dex -2) [a shining eye]
 28442 | Slime:5  | Found a viscous altar of Jiyva.
 28444 | Slime:5  | Identified the +6 flail "Maudoegax" {protect, rElec rF+ MR++ Str+2}
 28449 | Slime:5  | Identified the +4 dagger "Ykecag" {drain, rElec rF+++ Dex-3 SInv}
 28548 | Slime:5  | Reached XP level 21. HP: 202/202 MP: 30/33
 28609 | Slime:5  | Killed the Royal Jelly
 28869 | Slime:5  | Gained mutation: You are very clumsy. (Dex -4) [a shining eye]
 28892 | Slime:5  | Identified the Grimoire of Evil Secrets and Venom
 28922 | Slime:5  | Got a slimy rune of Zot
 29282 | Vaults:1 | Entered Level 1 of the Vaults
 29304 | Vaults:1 | Lost mutation: You are very clumsy. (Dex -4) [potion of mutation]
 29304 | Vaults:1 | Lost mutation: You expend magic power (3 MP) to strengthen your wands. [potion of mutation]
 29407 | Vaults:1 | Found a ruined gateway.
 29420 | Desolati | Entered the Desolation of Salt
 29519 | Desolati | Identified the amulet "Qodirub" {Gourm Int-3 Dex+8}
 29519 | Desolati | Identified the amulet "Ruhixkoi" {Harm *Drain +Fly Stlth+}
 29723 | Desolati | Identified the ring of Finality {*Contam rPois rN+ Int+8 Dex+3}
 29726 | Desolati | Identified Bepos's Witchcraft, Part Four
 29741 | Desolati | Learned a level 4 spell: Passage of Golubria
 29753 | Desolati | Identified the Collected Works on Stolen Souls and the Compass
 29838 | Desolati | Identified the +8 plate armour of the Game of Kings {+Inv rElec}
 29839 | Desolati | Identified the amulet of the Duchess {Harm *Drain rF+}
 29880 | Desolati | Identified the cursed +0 flail of Chaos {freeze, +Rage rF+ MR+}
 30322 | Vaults:1 | Reached skill level 5 in Shields
 30422 | Vaults:1 | Found Issiad's Jewellery Shoppe.
 30595 | Vaults:1 | Reached XP level 22. HP: 213/213 MP: 34/34
 31128 | Vaults:3 | Learned a level 5 spell: Silence
 31507 | Vaults:3 | Learned a level 6 spell: Iron Shot
 31517 | Vaults:3 | Learned a level 9 spell: Shatter
 31664 | Vaults:2 | Noticed Boris
 31678 | Vaults:2 | Killed Boris
 31948 | Vaults:4 | Noticed Mara
 31966 | Vaults:4 | Killed Mara
 32083 | Vaults:4 | Noticed Bai Suzhen
 32098 | Vaults:4 | Killed Bai Suzhen
 32291 | Vaults:4 | Reached XP level 23. HP: 223/223 MP: 35/35
 32558 | Vaults:4 | Noticed Sojobo
 32679 | Vaults:4 | Killed Sojobo
 32803 | Vaults:4 | Identified the +0 pair of gloves "Potaced" {Int+4}
 32807 | Vaults:4 | Identified the cursed +1 leather armour of the Special Deaths {rF+ Regen+}
 32863 | Vaults:5 | Entered Level 5 of the Vaults
 32897 | Vaults:5 | Noticed a golden dragon
 32909 | Vaults:5 | Killed a golden dragon
 32978 | Vaults:5 | Noticed Charly's ghost (adept OgSk)
 32997 | Vaults:5 | Killed Charly's ghost
 33054 | Vaults:5 | Got a silver rune of Zot
 33201 | Vaults:5 | Identified the ring of Befas {rC+ MR- Int+3 Dex+3}
 33219 | Vaults:5 | Learned a level 3 spell: Regeneration
 33331 | Vaults:5 | Noticed a golden dragon
 33353 | Vaults:5 | Killed a golden dragon
 33353 | Vaults:5 | Reached XP level 24. HP: 236/236 MP: 34/35
 33704 | Vaults:5 | Noticed an ancient lich
 33715 | Vaults:5 | Killed an ancient lich
 33756 | Vaults:5 | Identified the +9 long sword "Newtbane" {protect, *Rage rPois rF+++ Dex-5} (You took it off a fire giant on level 5 of the Vaults)
 34064 | Vaults:4 | Found Egrausk's Weapon Emporium.
 34232 | Vaults:2 | Found a staircase to the Crypt.
 34246 | Crypt:1  | Entered Level 1 of the Crypt
 34309 | Crypt:3  | Entered Level 3 of the Crypt
 34320 | Crypt:3  | Paralysed by a vampire knight for 5 turns
 34466 | Crypt:1  | Reached skill level 1 in Charms
 34477 | Crypt:1  | Reached skill level 1 in Necromancy
 34566 | Crypt:2  | Noticed Mennas
 34727 | Crypt:2  | Reached XP level 25. HP: 190/244 MP: 35/35
 34940 | Crypt:3  | Noticed Xtahua
 34961 | Crypt:3  | Killed Xtahua
 35007 | Crypt:3  | Learned a level 2 spell: Blink
 35208 | Crypt:3  | Identified the +5 battleaxe of the Forgotten Princes {chop, +Blink rElec rPois rC+} (You took it off a vampire on level 3 of the Crypt)
 35259 | Crypt:3  | Identified the +8 battleaxe of Inconvenience {elec, +Blink Dex+2} (You took it off a vampire knight on level 3 of the Crypt)
 35370 | Crypt:3  | Reached skill level 15 in Earth Magic
 35429 | Crypt:3  | Found a basalt altar of Yredelemnul.
 35431 | Crypt:3  | Found an ancient bone altar of Kikubaaqudgha.
 35476 | Crypt:3  | Identified the cursed ring of Midnight {rElec rF+ Dex-3 Stlth+}
 35651 | Crypt:2  | Killed Mennas
 35715 | Crypt:2  | Reached skill level 1 in Polearms
 35722 | Crypt:2  | Reached skill level 2 in Polearms
 35776 | Crypt:2  | Reached skill level 3 in Polearms
 35884 | Crypt:3  | Found a staircase to the Tomb.
 35890 | Tomb:1   | Entered Level 1 of the Tomb of the Ancients
 35912 | Tomb:1   | Reached skill level 10 in Spellcasting
 35938 | Tomb:1   | Reached skill level 4 in Polearms
 35984 | Tomb:1   | Reached skill level 5 in Polearms
 36029 | Tomb:1   | Reached skill level 6 in Polearms
 36042 | Tomb:1   | Reached skill level 7 in Polearms
 36048 | Tomb:1   | Reached skill level 8 in Polearms
 36105 | Tomb:1   | Reached skill level 9 in Polearms
 36131 | Tomb:1   | Noticed a greater mummy
 36141 | Tomb:1   | Killed a greater mummy
 36146 | Tomb:1   | Reached skill level 10 in Polearms
 36232 | Tomb:1   | Reached skill level 11 in Polearms
 36257 | Tomb:1   | Noticed a greater mummy
 36268 | Tomb:1   | Killed a greater mummy
 36344 | Tomb:1   | Reached skill level 12 in Polearms
 36538 | Tomb:1   | Noticed a greater mummy
 36538 | Tomb:1   | Noticed a greater mummy
 36542 | Tomb:1   | Noticed a greater mummy
 36562 | Tomb:1   | Killed a greater mummy
 36562 | Tomb:1   | Reached skill level 13 in Polearms
 36562 | Tomb:1   | Reached XP level 26. HP: 242/253 MP: 19/37
 36586 | Tomb:1   | Killed a greater mummy
 36594 | Tomb:1   | Killed a greater mummy
 36594 | Tomb:1   | Reached skill level 14 in Polearms
 36602 | Tomb:1   | Noticed a greater mummy
 36607 | Tomb:1   | Killed a greater mummy
 36617 | Tomb:1   | Noticed a greater mummy
 36629 | Tomb:1   | Killed a greater mummy
 36629 | Tomb:1   | Reached skill level 15 in Polearms
 36632 | Tomb:1   | Noticed a greater mummy
 36644 | Tomb:1   | Killed a greater mummy
 36661 | Tomb:1   | Noticed a greater mummy
 36664 | Tomb:1   | Killed a greater mummy
 36664 | Tomb:1   | Reached skill level 16 in Polearms
 36720 | Tomb:1   | Noticed a greater mummy
 36741 | Tomb:1   | Killed a greater mummy
 36904 | Tomb:2   | Reached skill level 17 in Polearms
 36964 | Tomb:3   | Entered Level 3 of the Tomb of the Ancients
 36975 | Tomb:3   | Noticed a greater mummy
 36977 | Tomb:3   | Reached skill level 18 in Polearms
 36979 | Tomb:3   | Noticed a greater mummy
 36980 | Tomb:3   | Identified the +0 hunting sling of Istry {venom, rN++ Int-3}
 36980 | Tomb:3   | Identified the ring of Tisas {Slay+6 SInv Stlth-}
 36980 | Tomb:3   | Noticed an ancient lich
 37099 | Tomb:3   | Identified the +1 robe of the Hidden Lives {rPois rCorr Int+4 Dex-5}
 37099 | Tomb:3   | Reached skill level 19 in Polearms
 37102 | Tomb:3   | Noticed a greater mummy
 37265 | Tomb:3   | Identified the +5 flail of Peace {elec, rElec rPois Str-4}
 37270 | Tomb:3   | Identified the +2 helmet of Wariness {Int+2}
 37280 | Tomb:2   | Killed an ancient lich
 37280 | Tomb:2   | Reached skill level 20 in Polearms
 37495 | Tomb:3   | Reduced skill Maces & Flails to level 15
 37499 | Tomb:3   | Killed a greater mummy
 37499 | Tomb:3   | Killed a greater mummy
 37499 | Tomb:3   | Reached skill level 21 in Polearms
 37508 | Tomb:3   | Killed a greater mummy
 37527 | Tomb:3   | Reached XP level 27. HP: 86/260 MP: 11/38
 37596 | Tomb:3   | Noticed a greater mummy
 37605 | Tomb:3   | Killed a greater mummy
 37605 | Tomb:3   | Reached skill level 22 in Polearms
 37794 | Tomb:3   | Noticed a greater mummy
 37797 | Tomb:3   | Killed a greater mummy
 37844 | Tomb:3   | Noticed a greater mummy
 37858 | Tomb:3   | Killed a greater mummy
 37894 | Tomb:3   | Noticed a greater mummy
 37902 | Tomb:3   | Killed a greater mummy
 37929 | Tomb:3   | Noticed a greater mummy
 37947 | Tomb:3   | Killed a greater mummy
 37985 | Tomb:3   | Reached skill level 23 in Polearms
 38000 | Tomb:3   | Got a golden rune of Zot
 38271 | Crypt:3  | Reduced skill Maces & Flails to level 10
 38459 | D:15     | Noticed a juggernaut
 38462 | D:15     | a juggernaut changed into a titan
 38521 | D:15     | Found a staircase to the Depths.
 38533 | Depths:1 | Entered Level 1 of the Depths
 38973 | Depths:1 | Reached skill level 24 in Polearms
 39355 | Depths:2 | Reduced skill Maces & Flails to level 5
 39365 | Depths:2 | Reached skill level 10 in Shields
 39396 | Depths:2 | Found a gateway to Hell.
 39424 | Depths:2 | Found Zummum's Armour Boutique.
 39438 | Depths:2 | Noticed a juggernaut
 39467 | Depths:2 | Killed a juggernaut
 39492 | Depths:2 | Identified the Guide on Mutagenic Creation
 39555 | Depths:2 | Found a one-way gate leading to the halls of Pandemonium.
 39557 | Depths:2 | Reached skill level 25 in Polearms
 39802 | Depths:3 | Reduced skill Maces & Flails to level 1
 39809 | Depths:3 | Found Sahil's Distillery.
 39848 | Depths:3 | Bought a potion of heal wounds for 70 gold pieces
 39848 | Depths:3 | Bought 2 potions of curing for 84 gold pieces
 39848 | Depths:3 | Bought a potion of heal wounds for 70 gold pieces
 39848 | Depths:3 | Bought a potion of mutation for 112 gold pieces
 39848 | Depths:3 | Bought a potion of haste for 140 gold pieces
 39848 | Depths:3 | Bought a potion of brilliance for 56 gold pieces
 39848 | Depths:3 | Bought a potion of curing for 42 gold pieces
 39848 | Depths:3 | Bought a potion of magic for 112 gold pieces
 40174 | Depths:3 | Found a runed door.
 40181 | Depths:3 | Noticed an ancient lich
 40186 | Depths:3 | Killed an ancient lich
 40197 | Depths:3 | Found a one-way gate to the infinite horrors of the Abyss.
 40231 | Depths:3 | Found a runed door.
 40231 | Depths:3 | Noticed an ancient lich
 40269 | Depths:3 | Killed an ancient lich
 40412 | Depths:4 | Found a flickering gateway to a bazaar.
 40424 | Bazaar   | Entered a bazaar
 40438 | Bazaar   | Found Cerr's Antique Armour Emporium.
 40438 | Bazaar   | Found Quket's Armour Shoppe.
 40448 | Bazaar   | Bought a faintly humming plate armour for 756 gold pieces
 40448 | Bazaar   | Identified the +1 plate armour of the Worm {rElec Int+4 Dex+3} (You bought it in a shop in a bazaar)
 40459 | Bazaar   | Found Puudeofuu's General Store.
 40474 | Bazaar   | Found Hadafaeh's Antique Weapon Emporium.
 40489 | Bazaar   | Found Qocuva Elau's Assorted Antiques.
 40493 | Bazaar   | Bought a manual of Dodging for 2980 gold pieces
 40493 | Bazaar   | Bought a potion of curing for 81 gold pieces
 40528 | Depths:5 | Entered Level 5 of the Depths
 40656 | Depths:4 | Reached skill level 15 in Dodging
 40737 | Depths:4 | Found a gateway to a ziggurat.
 40760 | Zig:1    | Entered Level 1 of a ziggurat
 40778 | Zig:2    | Entered Level 2 of a ziggurat
 40793 | Zig:3    | Entered Level 3 of a ziggurat
 40818 | Zig:4    | Entered Level 4 of a ziggurat
 40859 | Zig:5    | Entered Level 5 of a ziggurat
 40864 | Zig:5    | Noticed Saifa the pandemonium lord
 40865 | Zig:5    | Identified the ring "Zawkuiriv" {+Inv MR+++ Str+4 Dex+2 Stlth+}
 40874 | Zig:5    | Killed Saifa the pandemonium lord
 40909 | Zig:5    | Identified the cursed +2 great sword of Spontaneous Combustion {drain, rElec rF- rC+ rN++} (You found it on level 5 of a ziggurat)
 40954 | Zig:6    | Entered Level 6 of a ziggurat
 41040 | Zig:7    | Entered Level 7 of a ziggurat
 41049 | Zig:7    | Noticed Vuxa the pandemonium lord
 41050 | Zig:7    | UHHH
 41066 | Zig:7    | Killed Vuxa the pandemonium lord
 41155 | Zig:7    | Identified the ring of Qixefile {+Fly Str+4}
 41195 | Zig:8    | Entered Level 8 of a ziggurat
 41280 | Zig:9    | Entered Level 9 of a ziggurat
 41377 | Zig:10   | Entered Level 10 of a ziggurat
 41459 | Zig:10   | Identified the Almanac of Conjuration
 41467 | Zig:11   | Entered Level 11 of a ziggurat
 41519 | Zig:11   | Noticed a greater mummy
 41529 | Zig:11   | Killed a greater mummy
 41539 | Zig:11   | Noticed a greater mummy
 41550 | Zig:11   | Killed a greater mummy
 41625 | Zig:12   | Entered Level 12 of a ziggurat
 41719 | Zig:12   | Identified the ring of the Scarab {*Tele *Contam +Fly rN++ Stlth+}
 41731 | Zig:12   | Reached skill level 15 in Spellcasting
 41769 | Zig:13   | Entered Level 13 of a ziggurat
 41842 | Zig:13   | Identified the Compendium of the Sinister Oath
 41846 | Zig:13   | Identified the Papyrus of Unstable Displacement
 42201 | Depths:4 | Reduced skill Shields to level 10
 42205 | Depths:4 | Reached skill level 15 in Bows
 42705 | Depths:5 | Identified the cursed +0 leather armour of Dishonour {-Cast rElec rCorr Dex+5}
 42990 | Depths:5 | Found a gate to the Realm of Zot.
 43009 | Depths:5 | Reduced skill Shields to level 5
 43117 | Depths:5 | Noticed an ancient lich
 43126 | Depths:5 | Killed an ancient lich
 43218 | Depths:5 | Identified the Reference Book on Necromancy
 43445 | Depths:4 | Upgraded the game from 0.21-a0-122-g43b3ea6 to 0.21-a0-125-gb006224
 43692 | Depths:2 | Voluntarily entered the Abyss.
 43692 | Abyss:1  | Found a corrupted altar of Lugonu.
 43698 | Abyss:2  | Found a corrupted altar of Lugonu.
 43833 | Abyss:3  | Found a stormy altar of Qazlal.
 44210 | Abyss:3  | Got an abyssal rune of Zot
 44413 | Abyss:5  | Entered Level 5 of the Abyss
 44456 | Depths:2 | Escaped the Abyss
 44499 | Pan      | Entered Pandemonium
 44510 | Pan      | Noticed Nenecua the pandemonium lord
 44515 | Pan      | Killed Nenecua the pandemonium lord
 44521 | Pan      | Reached skill level 1 in Stealth
 44759 | Pan      | Noticed Diczalin the pandemonium lord
 44765 | Pan      | Reached skill level 5 in Stealth
 44769 | Pan      | Killed Diczalin the pandemonium lord
 44910 | Pan      | Found a runed door.
 44922 | Pan      | Got a demonic rune of Zot
 44990 | Pan      | Noticed Tous the pandemonium lord
 44993 | Pan      | Killed Tous the pandemonium lord
 45051 | Pan      | Noticed Yjaxkog the pandemonium lord
 45061 | Zig:1    | Entered Level 1 of a ziggurat
 45132 | Zig:2    | Entered Level 2 of a ziggurat
 45147 | Zig:3    | Entered Level 3 of a ziggurat
 45186 | Zig:4    | Entered Level 4 of a ziggurat
 45206 | Zig:4    | Reached skill level 10 in Stealth
 45226 | Zig:5    | Entered Level 5 of a ziggurat
 45256 | Zig:5    | Reached skill level 1 in Translocations
 45306 | Zig:6    | Entered Level 6 of a ziggurat
 45313 | Zig:6    | Identified the +1 robe of Paranoia {+Fly rC+}
 45314 | Zig:6    | Identified the Disquisition on the Dislocated Glacier
 45392 | Zig:7    | Entered Level 7 of a ziggurat
 45457 | Zig:7    | Identified the Disquisition on the Enthralling Rocks
 45464 | Zig:8    | Entered Level 8 of a ziggurat
 45495 | Zig:8    | Killed from afar by an Ice Fiend

Vault maps used:
D:1:      roderic_octagonal_star, minmay_tromino_v4_a
D:2:      lemuel_doored_altar, lemuel_zombie_altar_kikubaaqudgha, first_bread
D:3:      grunt_qazlal_clouds, okawaru_altar_gauntlet_db,
          grunt_ashenzari_visionary
D:4:      enter_ossuary_5, roderic_aztec_sauvastika
D:5:      nicolae_dithmenos_the_darkroom, marbit_many_paths, basic_altar,
          minmay_misc_feat_secret_circle
D:7:      nicolae_overflow_crystal_walls, minmay_temple_entry_hall,
          serial_shops, nicolae_shop_behind_doors, nemelex_diamond_rough_becter
D:8:      gammafunk_beogh_shrine, lemuel_round_altar, uniq_maurice,
          uniq_prince_ribbit1
D:9:      enter_bailey_2, hangedman_fish_farm, grunt_decor_cap, uniq_gastronok,
          uniq_joseph, uniq_pikel
D:11:     grunt_lair_entry_orc_guard_hut, serial_shops, freezing_bzr,
          nicolae_shop_stone, serial_ice, serial_ice_l, serial_ice_h,
          serial_ice_m, serial_ice_f, portal_ice_cave_entry_imps,
          bh_walls_and_bars, uniq_urug
D:12:     david_orc_3
D:14:     david_vaults_2, uniq_josephine, uniq_rupert
D:15:     gammafunk_enter_depths_forms, minmay_fountain_box, dk_noncrumbling_2
Lair:1:   beast_lair_carwin_large_2
Lair:2:   nicolae_swamp_entry_splash_gauntlet, spider_nest_entry_webs
Lair:3:   lemuel_fruit_fields
Lair:5:   slime_dummy, special_room, infiniplex_staircase_pool_2,
          serial_bayou_shore_b, serial_bayou_shore_b, grunt_megastairs_4,
          minmay_lair_oklob_chamber, lemuel_fruit_tree
Lair:6:   minmay_lair_end_frog_pond
Swamp:1:  evilmike_swamp_ruin_house_1
Swamp:2:  evilmike_swamp_ruin_house_3, swamp_pool1,
          nicolae_swamp_very_dense_foliage, uniq_jorgrun
Swamp:3:  nicolae_swamp_stair_fork, nicolae_swamp_godswood, swamp_pool1,
          statue_in_the_mist_lemuel, infiniplex_staircase_pool
Swamp:4:  swamp_pestilence
Spider:1: uniq_donald
Spider:3: spiders_nest_spider_trap, uniq_arachne
Spider:4: spider_rune_water
Slime:1:  cheibrodos_slime_lost_civilization_6
Slime:2:  nicolae_slime_phagocytosis
Slime:4:  basic_altar
Orc:1:    serial_shops, nicolae_shop_statue_plus
Orc:2:    grunt_orc_cross
Elf:1:    elf_arrival_002, minivault_28
Elf:2:    serial_shops, nicolae_shop_stone, st_stairs_14
Elf:3:    elf_hall, uniq_nikola, uniq_louise
Vaults:1: v_pattern_5, nicolae_vaults_windows_and_doors_thing,
          ontoclasm_vaults_ring_square, vaults_standard_mumra_enter_the_diamond,
          nicolae_vaults_border_crossing, nicolae_vaults_circle_grid_b,
          ontoclasm_vaults_spin, grunt_vaults_hallway_long,
          nicolae_vaults_theta, vaults_dpeg_cross, vaults_dpeg_ring,
          serial_shops, shop, portal_desolation_entry_salt
Vaults:2: grunt_vaults_bifocal, v_misc_4, v_misc_12,
          nicolae_vaults_mini_display_case, nicolae_vaults_sealed_display,
          v_alt_pattern_6, v_misc_33, minmay_crypt_entry_vampire_xt,
          nicolae_vaults_rhombus_6, uniq_boris, uniq_saint_roka
Vaults:3: vaults_standard_mumra_enter_the_diamond,
          nicolae_vaults_little_squares_3, nicolae_vaults_diagonal_hallway_8,
          nicolae_vaults_little_squares_3, hangedman_vaults_capsules,
          hangedman_vaults_corner, nicolae_vaults_little_squares_2,
          vaults_mumra_chevron, nicolae_vaults_yaktaur_gun_rack,
          nicolae_vaults_little_squares_6
Vaults:4: nicolae_vaults_circle_grid_a, vaults_room_ringed_pool,
          vaults_standard_mumra_lines, nicolae_vaults_stairing_the_circle,
          v_misc_3, v_alt_pattern_3, nicolae_vaults_triangles,
          nicolae_vaults_alarming, vaults_room_pool,
          nicolae_vaults_shelves_hall, serial_shops, shop, uniq_mara,
          uniq_bai_suzhen, uniq_sojobo
Vaults:5: serial_shops
Crypt:1:  minivault_26
Crypt:2:  uniq_mennas
Crypt:3:  lightli_unholy_cathedral, tomb_entry_shell_bobbens, uniq_xtahua,
          uniq_margery
Depths:1: minmay_misc_feat_doors, pf_coc_iceberg, kennysheep_nondescript,
          evilmike_butchery, firewood_loft
Depths:2: minmay_the_grid_triangle_9x9_recursive_2_mashed,
          hangedman_abyss_entry_splay, hell_entry, infiniplex_staircase_diamond,
          serial_shops, shop, rand_demon_pan_entry_1,
          hangedman_abyss_or_decor_stagger, onia_ninara_dug_in_and_dangerous
Depths:3: cheibrodos_witchhunters_guild, rand_demon_pan_entry_4, abyss_entry,
          hell_entry, serial_shops, shop, shop, roderic_roman_lattice,
          infiniplex_staircase_star
Depths:4: grunt_house_of_mirrors, enter_ziggurat_f, abyss_entry_crystal,
          pf_vacation_house_of_asmodeus, serial_shops, bzr_firewalk,
          minmay_misc_feat_ornament, grunt_pan_entry_spiral,
          kennysheep_generic_room_11
Depths:5: grunt_crosshair, special_room, hell_entry
Abyss:1:  evilmike_abyss_exit_17
Abyss:3:  minivault_25_ag, doesnt_abyss_rune_brain_food,
          evilmike_abyss_exit_plants
Abyss:4:  bh_abyss_exit_spiral, evilmike_abyss_exit_9,
          evilmike_abyss_exit_smiterflies
Abyss:5:  evilmike_abyss_exit_11, evilmike_abyss_exit_4
Pan:      evilmike_mini_pan_thingy, nicolae_pan_lom_lobonic_2,
          nicolae_pan_sigil_itan, rand_demon_9, nicolae_pan_gloorx_vloqian_1,
          regret_index_pan_draining_boxed, nicolae_pan_mnolegish_3,
          evilmike_mini_pan_doors, evilmike_mini_pan_doors
Zig:1:    ziggurat_pillar_centre_c
Zig:7:    ziggurat_pillar_centre_oklobs
Zig:12:   ziggurat_pillar_centre_dead_trees
Bazaar:   bazaar_long_row
Ossuary:  ossuary_due_pyramid
Bailey:   bailey_polearm_2, bailey
IceCv:    ice_cave_caverns_01

Skill      XL: |  1  2  3  4  5  6  7  8  9 10 11 12 13 14 15 16 17 18 19 20 21 22 23 24 25 26 27 |
---------------+----------------------------------------------------------------------------------+-----
Armour         | 1 2 3 5 8 10 11 12 13 | 13.7
Maces & Flails | 4 6 7 8 9 10 12 14 16 17 18 19 20 21 22 23 21 14 0 |  0.0
Dodging        | 3 4 5 7 8 9 10 11 12 13 14 17 | 17.9
Fighting       | 3 4 5 7 10 12 13 15 16 17 18 | 18.2
Shields        | 2 4 7 4 |  4.9
Evocations     | 2 3 5 6 |  6.0
Bows           | 3 6 8 9 10 22 | 22.2
Transmutations | 3 8 10 | 10.4
Earth Magic    | 4 8 10 12 14 16 18 20 | 20.0
Spellcasting   | 2 4 6 8 10 11 15 | 15.2
Charms         | 1 |  1.8
Necromancy     | 1 |  1.2
Polearms       | 13 21 25 | 25.3
Stealth        | 11 | 11.4
Translocations | 4 |  4.5
Throwing       | |  1.7

Action                   |  1- 3 |  4- 6 |  7- 9 | 10-12 | 13-15 | 16-18 | 19-21 | 22-24 | 25-27 || total
-------------------------+-------+-------+-------+-------+-------+-------+-------+-------+-------++-------
Melee: Flail             |    60 |   194 |   416 |   758 |       |       |       |       |       ||  1428
       Morningstar       |       |       |       |   391 |  1278 |  1410 |  1976 |  1290 |   726 ||  7071
       Constrict         |       |       |       |       |   248 |   287 |   292 |   205 |   443 ||  1475
       Trishula          |       |       |       |       |       |       |       |       |  2385 ||  2385
 Fire: Shortbow          |       |       |       |     6 |       |       |       |       |       ||     6
       Longbow           |       |       |       |       |       |       |       |       |    79 ||    79
Throw: Throwing net      |     1 |     3 |       |       |       |       |       |       |       ||     4
 Cast: Statue Form       |       |       |       |       |       |       |    59 |    41 |   126 ||   226
       Apportation       |       |       |       |       |       |       |     1 |    15 |    55 ||    71
       Regeneration      |       |       |       |       |       |       |       |     7 |   258 ||   265
       Shatter           |       |       |       |       |       |       |       |       |    18 ||    18
       Passage of Golubr |       |       |       |       |       |       |       |       |     8 ||     8
Invok: Scrying           |       |       |       |     2 |     1 |       |       |       |       ||     3
       Curse Item        |       |       |       |       |     1 |     3 |     5 |       |     2 ||    11
       Transfer Knowledg |       |       |       |       |       |       |       |       |     9 ||     9
 Abil: Spit Poison       |    21 |    17 |    11 |    20 |     8 |    11 |     8 |       |       ||    96
       End Transformatio |       |       |       |       |       |       |    27 |     2 |    33 ||    62
Evoke: Wand              |       |       |    18 |    44 |    40 |     7 |     5 |       |    16 ||   130
       Phantom mirror    |       |       |       |       |     1 |       |     1 |       |       ||     2
       Box of beasts     |       |       |       |       |       |     1 |     3 |       |     3 ||     7
       Lightning rod     |       |       |       |       |       |       |       |     4 |     8 ||    12
       Figurine of a zig |       |       |       |       |       |       |       |       |     1 ||     1
  Use: Potion            |       |     4 |     3 |     3 |     2 |     6 |     8 |       |    21 ||    47
       Scroll            |       |     3 |    10 |    20 |     6 |    13 |    10 |     5 |    33 ||   100
 Stab: Held in net/web   |       |     1 |       |       |       |       |       |       |       ||     1
       Paralysed         |       |       |    25 |    66 |     7 |       |       |       |       ||    98
       Distracted        |       |       |       |     1 |     1 |     1 |     5 |     1 |     4 ||    13
       Sleeping          |       |       |       |     1 |       |     1 |     3 |     6 |     1 ||    12
       Confused          |       |       |       |       |       |       |       |       |     1 ||     1
  Eat: Chunk             |       |     2 |    16 |    16 |     1 |    11 |     8 |    19 |     1 ||    74
       Bread ration      |       |     1 |       |     1 |       |       |     7 |       |    13 ||    22
       Royal jelly       |       |       |       |     3 |     7 |     9 |     4 |     2 |     9 ||    34
       Fruit             |       |       |       |       |     8 |     2 |     8 |     5 |     2 ||    25
       Meat ration       |       |       |       |       |       |       |       |     1 |     4 ||     5
Armor: Leather armour    |    34 |       |       |       |       |       |       |    19 |    31 ||    84
       Ring mail         |     1 |    97 |   215 |   695 |   658 |   644 |   440 |    21 |       ||  2771
       Skin              |       |       |       |     9 |       |       |   903 |   682 |  1376 ||  2970
Dodge: Dodged            |    56 |   100 |   151 |   600 |   490 |   778 |  2188 |  1507 |  3222 ||  9092
Block: Buckler           |       |       |       |   168 |   253 |   309 |   673 |   500 |   810 ||  2713
